 Dungeon Crawl Stone Soup version 0.27.1-3-gb3d3a73c9e (webtiles) character file.

Game seed: 17309839705138721796

3731087 truevaserg the Archmage (level 27, 195/195 HPs)
             Began as a Deep Elf Conjurer on Oct 27, 2021.
             Was the Champion of Vehumet.
             Escaped with the Orb
             ... and 7 runes on Oct 29, 2021!
             The game lasted 14:04:12 (130465 turns).

truevaserg the Archmage (Deep Elf Conjurer)       Turns: 130465, Time: 14:04:13

Health: 195/195    AC: 22    Str: 17    XL:     27
Magic:  9/56       EV: 27    Int: 47    God:    Vehumet [******]
Gold:   8889       SH:  8    Dex: 15    Spells: 4/80 levels left

rFire    + + .     SeeInvis +   s - staff of conjuration
rCold    + + +     Faith    .   E - +3 buckler {AC+3}
rNeg     + + +     Spirit   .   Y - +2 robe {rC+ rF+}
rPois    ∞         Reflect  .   Q - +2 hat {Stlth+}
rElec    +         Harm     .   I - +2 cloak "Fyucuzuir" {Str+4 Int+5 SInv}
rCorr    +         Rampage  .   X - +2 pair of gloves
Will     ++++.     Clarity  +   v - +0 pair of boots of Hocu {rElec Dex+4}
Stlth    +.........             m - amulet of Amorality {RegenMP Will+ Regen+ Int+3 Dex-2}
HPRegen  1.42/turn              y - ring "Uloont" {Fire Drain rElec rCorr Str+3}
MPRegen  0.60/turn              i - ring of Paveloum {rC++ Str+6}

@: lich-form, studying 3 skills
A: draining attack, torment immunity, no potions, clarity, clever 1, electricity
resistance
0: Orb of Zot
}: 7/15 runes: decaying, serpentine, slimy, silver, obsidian, icy, abyssal
a: End Transformation, Renounce Religion


You escaped.
You worshipped Vehumet.
Vehumet was exalted by your worship.
You were an undead lich.
You visited 17 branches of the dungeon, and saw 80 of its levels.
You visited the Abyss 2 times.
You visited 1 bazaar.
You also visited: Trove, Gauntlet and Ice Cave.

You collected 16621 gold pieces.
You spent 7732 gold pieces at shops.

Inventory:

Hand Weapons
 q - the +6 war axe of the Silent Majority {vorpal, rF+}
   (You took it off a skeletal warrior on level 7 of Cocytus)

   It inflicts extra damage upon your enemies.
   rF:        It protects you from fire.
Armour
 v - the +0 pair of boots of Hocu (worn) {rElec Dex+4}
   (You found it on level 6 of the Dungeon)

   Dex:       It affects your dexterity (+4).
   rElec:     It insulates you from electricity.
 E - a +3 buckler of protection (worn)
 I - the +2 cloak "Fyucuzuir" (worn) {Str+4 Int+5 SInv}
   (You found it in a Gauntlet)

   Str:       It affects your strength (+4).
   Int:       It affects your intelligence (+5).
   SInv:      It lets you see invisible.
 Q - a +2 hat of stealth (worn)
 X - a +2 pair of gloves (worn)
 Y - a +2 robe of resistance (worn)
Magical Staves
 s - a staff of conjuration (weapon)
Jewellery
 a - a ring of wizardry
 i - the ring of Paveloum (right hand) {rC++ Str+6}
   (You bought it in a shop on level 3 of the Depths)

   [ring of strength]

   Str:       It affects your strength (+6).
   rC:        It greatly protects you from cold.
 j - the amulet of Pifem Xea {Reflect rCorr Str+5 Int-5 Dex+2 SH+5}
   (You took it off a skeletal warrior on level 7 of Cocytus)

   [amulet of reflection]

   It reflects blocked missile attacks.
   Str:       It affects your strength (+5).
   Int:       It affects your intelligence (-5).
   Dex:       It affects your dexterity (+2).
   rCorr:     It protects you from acid and corrosion.
   SH:        It affects your SH (+5).
 m - the amulet of Amorality (around neck) {RegenMP Will+ Regen+ Int+3 Dex-2}
   (You took it off a deep elf demonologist on level 3 of the Elven Halls)

   [amulet of magic regeneration]

   It increases your rate of magic regeneration.
   Int:       It affects your intelligence (+3).
   Dex:       It affects your dexterity (-2).
   Regen:     It increases your rate of health regeneration.
   Will:      It increases your willpower.
 w - a ring of flight
 y - the ring "Uloont" (left hand) {Fire Drain rElec rCorr Str+3}
   (You found it on level 14 of the Dungeon)

   [ring of fire]

   It enhances your fire magic.
   Str:       It affects your strength (+3).
   rF:        It protects you from fire.
   rC:        It makes you vulnerable to cold.
   rElec:     It insulates you from electricity.
   rCorr:     It protects you from acid and corrosion.
   Drain:     It drains your maximum health when unequipped.
Wands
 f - a wand of iceblast (107)
 n - a wand of digging (26)
 z - a wand of acid (64)
Scrolls
 b - 6 scrolls of amnesia
 l - 3 scrolls of immolation
 o - 45 scrolls of identify
 p - 10 scrolls of fear
 r - 25 scrolls of teleportation
 t - 6 scrolls of fog
 D - a scroll of enchant weapon
 K - 5 scrolls of magic mapping
 L - a scroll of summoning
Potions
 c - 7 potions of lignification
 g - 7 potions of magic
 h - 18 potions of curing
 k - 4 potions of mutation
 x - 4 potions of ambrosia
 B - a potion of berserk rage
 C - 4 potions of invisibility
 R - 11 potions of haste
 T - 13 potions of brilliance
 W - 8 potions of resistance
 Z - 15 potions of heal wounds
Miscellaneous
 d - the horn of Geryon
 e - a box of beasts
 A - a phantom mirror


   Skills:
 + Level 25.8 Fighting
 O Level 27 Dodging
 - Level 2.4 Stealth
 - Level 5.7 Shields
 O Level 27 Spellcasting
 O Level 27 Conjurations
 - Level 8.2 Hexes
 - Level 21.0 Necromancy
 - Level 10.0 Transmutations
 O Level 27 Fire Magic
 - Level 18.3 Ice Magic
 + Level 15.2 Air Magic
 * Level 26.1 Earth Magic


You had 4 spell levels left.
You knew the following spells:

 Your Spells              Type           Power      Damage    Failure   Level
e - Chain Lightning       Conj/Air       78%        3d104     1%          9
f - Fire Storm            Conj/Fire      98%        8d25      1%          9
g - Shatter               Erth           71%        3d52*     1%          9
h - Ignition              Fire           84%        3d22      0%          8
i - Death's Door          Necr           78%        N/A       3%          9
o - Necromutation         Tmut/Necr      71%        N/A       2%          8
p - Invisibility          Hex            48%        N/A       1%          6
q - Iskenderun's Mystic   Conj/Tloc      100%       2d19      0%          4
s - Bolt of Magma         Conj/Fire/Erth 98%        4d36      0%          5
w - Polar Vortex          Ice            62%        N/A       3%          9

Your spell library contained the following spells:

 Spells                   Type           Power      Damage    Failure   Level
 Corona                   Hex            100%       N/A       0%          1
 Foxfire                  Conj/Fire      100%       2x1d9     0%          1
 Freeze                   Ice            100%       1d11      0%          1
 Magic Dart               Conj           100%       1d8       0%          1
 Pain                     Necr           100%       1d9       0%          1
 Sandblast                Erth           100%       2d20      0%          1
 Corpse Rot               Necr/Air       N/A        N/A       0%          2
 Ensorcelled Hibernation  Hex/Ice        100%       N/A       0%          2
 Passwall                 Tmut/Erth      100%       N/A       0%          2
 Searing Ray              Conj           100%       3d7       0%          2
 Static Discharge         Conj/Air       100%       N/A       0%          2
 Sublimation of Blood     Necr           78%        N/A       0%          2
 Wereblood                Tmut           100%       N/A       0%          2
 Conjure Flame            Conj/Fire      100%       6-21      0%          3
 Dazzling Flash           Conj/Hex       100%       N/A       0%          3
 Frozen Ramparts          Ice            100%       1d12      0%          3
 Ignite Poison            Fire/Tmut/Pois 100%       N/A       0%          3
 Inner Flame              Hex/Fire       100%       N/A       0%          3
 Mephitic Cloud           Conj/Pois/Air  100%       N/A       0%          3
 Ozocubu's Armour         Ice            100%       N/A       0%          3
 Stone Arrow              Conj/Erth      100%       3d13      0%          3
 Swiftness                Air            100%       N/A       0%          3
 Airstrike                Air            59%        N/A       0%          4
 Animate Armour           Summ/Erth      100%       N/A       0%          4
 Animate Dead             Necr           78%        N/A       0%          4
 Dispel Undead            Necr           100%       3d31      0%          4
 Fulminant Prism          Conj/Hex       74%        3d30      0%          4
 Hailstorm                Conj/Ice       100%       3d20      0%          4
 Ice Form                 Ice/Tmut       100%       N/A       0%          4
 Petrify                  Tmut/Erth      100%       N/A       0%          4
 Sticky Flame             Conj/Fire      100%       2d11      0%          4
 Apportation              Tloc           100%       N/A       1%          1
 Sting                    Tmut/Pois      100%       1d8       1%          1
 Summon Small Mammal      Summ           100%       N/A       1%          1
 Blink                    Tloc           N/A        N/A       1%          2
 Call Imp                 Summ           59%        N/A       1%          2
 Call Canine Familiar     Summ           59%        N/A       1%          3
 Lesser Beckoning         Tloc           29%        N/A       1%          3
 Summon Guardian Golem    Hex/Summ       80%        N/A       1%          3
 Tukima's Dance           Hex            96%        N/A       1%          3
 Cause Fear               Hex            48%        N/A       1%          4
 Passage of Golubria      Tloc           N/A        N/A       1%          4
 Summon Ice Beast         Ice/Summ       99%        N/A       1%          4
 Summon Lightning Spire   Summ/Air       94%        N/A       1%          4
 Agony                    Necr           100%       N/A       0%          5
 Borgnjor's Vile Clutch   Necr/Erth      81%        N/A       0%          5
 Fireball                 Conj/Fire      98%        3d36      0%          5
 Irradiate                Conj/Tmut      75%        3d38      0%          5
 Iskenderun's Battlesphe  Conj           100%       2d15      0%          5
 Lee's Rapid Deconstruct  Erth           71%        3d33*     0%          5
 Lightning Bolt           Conj/Air       78%        1d105     0%          5
 Conjure Ball Lightning   Conj/Air       78%        3x3d30    0%          6
 Death Channel            Necr           78%        N/A       0%          6
 Iron Shot                Conj/Erth      84%        9d15      0%          6
 Simulacrum               Ice/Necr       76%        N/A       0%          6
 Starburst                Conj/Fire      98%        6d24      0%          6
 Orb of Destruction       Conj           84%        9d20      0%          7
 Alistair's Intoxication  Tmut/Pois      56%        N/A       1%          5
 Blade Hands              Tmut           51%        N/A       1%          5
 Metabolic Englaciation   Hex/Ice        56%        N/A       1%          5
 Silence                  Hex/Air        54%        N/A       1%          5
 Summon Mana Viper        Hex/Summ       80%        N/A       1%          5
 Yara's Violent Unravell  Hex/Tmut       49%        3d19      1%          5
 Eringya's Noxious Bog    Tmut/Pois      42%        N/A       1%          6
 Statue Form              Tmut/Erth      83%        N/A       1%          6
 Ozocubu's Refrigeration  Ice            62%        4d17      1%          7
 Spellforged Servitor     Conj/Summ      68%        N/A       1%          7
 Storm Form               Tmut/Air       55%        N/A       1%          7
 Borgnjor's Revivificati  Necr           78%        N/A       1%          8
 Infestation              Necr           78%        N/A       1%          8
 Maxwell's Capacitive Co  Air            59%        ∞         1%          8
 Dragon Form              Tmut           51%        N/A       2%          7
 Haunt                    Necr/Summ      63%        N/A       2%          7
 Manifold Assault         Tloc           59%        N/A       5%          5
 Summon Forest            Summ/Tloc      29%        N/A       5%          5
 Discord                  Hex            48%        N/A       38%         8
 Monstrous Menagerie      Summ           29%        N/A       85%         7
 Summon Hydra             Summ           29%        N/A       85%         7
 Disjunction              Tloc           29%        N/A       100%        8
 Dragon's Call            Summ           29%        N/A       100%        9


Dungeon Overview and Level Annotations

Branches:
Dungeon (15/15)            Temple (1/1) D:6            Lair (6/6) D:9
  Swamp (4/4) Lair:3        Snake (4/4) Lair:4        Slime (5/5) Lair:6
    Orc (2/2) D:9             Elf (3/3) Orc:2        Vaults (5/5) D:14
  Crypt (3/3) Vaults:2       Tomb (0/3) Crypt:3      Depths (5/5) D:15
   Hell (visited)             Dis (6/7) Hell            Geh (7/7) Hell
    Coc (7/7) Hell            Tar (1/7) Hell            Zot (5/5) Depths:5
  IceCv (visited)         Gauntlet (visited)

Altars:
Ashenzari
Cheibriados
Dithmenos
Elyvilon
Fedhas
Gozag
Hepliaklqana
Kikubaaqudgha
Makhleb
Nemelex Xobeh
Okawaru
Qazlal
Ru
Sif Muna
Trog
Uskayaw
Vehumet
Wu Jian
Xom
Yredelemnul
Zin
The Shining One

Shops:
D:5 *   D:7 :   D:14 [!:?   Orc:1 *?*   Orc:2 *[((!   Snake:3 *=[*   Vaults:1 ?
Vaults:3 [[(   Depths:3 =::!

Portals:
Hell: Depths:1 Depths:2 Depths:3 Depths:4 Depths:5
Abyss: Depths:1 Depths:3 Depths:4 Depths:5
Pandemonium: Depths:3 Depths:4
Ziggurat: Depths:5

Annotations:
D:3 3 runed translucent doors, diceflayer's ghost, weakling MiFi


Innate Abilities, Weirdness & Mutations

You are an undead lich.
Your unarmed attacks are suffused with negative energy.
You are immune to unholy pain and torment.
Your necromantic spells are more powerful.
You are immune to poison.
You cannot drink.
You possess an exceptional clarity of mind.
Your mind is acute. (Int +2)
You are resistant to electric shocks. (rElec)


Message History

An Orb Guardian comes into view.
There is an escape hatch in the ceiling here.
A mysterious force pulls you upwards. The hatch slams shut behind you.
Your transformation is almost over.
There is a stone staircase leading up here.
You climb upwards.
There is a stone staircase leading down here.
You feel yourself come back to life.
There is an open door here.
Magic restored.
There is a staircase leading out of the dungeon here.
Casting: Necromutation (dangerous; 2% risk of failure)
Confirm with . or Enter, or press ? or * to list all spells.
Your body is suffused with negative energy!
Casting: Necromutation (dangerous; 2% risk of failure)
Confirm with . or Enter, or press ? or * to list all spells.
The dungeon rumbles!
Ka-crash!
Casting: Shatter (mildly dangerous; 1% risk of failure)
Confirm with . or Enter, or press ? or * to list all spells.
The dungeon rumbles!
Ka-crash!
Casting: Shatter (mildly dangerous; 1% risk of failure)
Confirm with . or Enter, or press ? or * to list all spells.
The dungeon rumbles!
Ka-crash!
Casting: Shatter (mildly dangerous; 1% risk of failure)
Confirm with . or Enter, or press ? or * to list all spells.
The dungeon rumbles!
Ka-crash!
Casting: Shatter (mildly dangerous; 1% risk of failure)
Confirm with . or Enter, or press ? or * to list all spells.
The dungeon rumbles!
Ka-crash!
Casting: Shatter (mildly dangerous; 1% risk of failure)
Confirm with . or Enter, or press ? or * to list all spells.
You don't have enough magic to cast this spell.
Casting: Shatter (mildly dangerous; 1% risk of failure)
Confirm with . or Enter, or press ? or * to list all spells.
You don't know that spell.
Casting: Shatter (mildly dangerous; 1% risk of failure)
Confirm with . or Enter, or press ? or * to list all spells.
You don't have enough magic to cast this spell.
Unknown command.
You have escaped!

#.....##.[...#.#.....
#.....##.......#P....
#.............##
#...........###
#...........#
#.........##
##......#.##
#.....#.....
#.L....... ##########


There were no monsters in sight!

Vanquished Creatures
  Antaeus (Coc:7)
  Asmodeus (Geh:7)
  the Royal Jelly (Slime:5)
  the Serpent of Hell (Hell)
  3 dread liches
  Khufu (Crypt:3)
  8 orbs of fire (Zot:5)
  Mara (Depths:3)
  4 ancient liches
  Sojobo (Vaults:3)
  2 royal mummies (Crypt:3)
  4 Killer Klowns (Zot:5)
  A pandemonium lord (D:4)
  Bai Suzhen (Vaults:2)
  45 shard shrikes
  Frederick (Crypt:3)
  Saint Roka (Vaults:2)
  3 curse toes
  Nikola (Snake:1)
  Geryon (Hell)
  Jory (Vaults:4)
  14 golden dragons
  17 bone dragons
  6 iron giants
  4 electric golems
  58 Brimstone Fiends
  4 Tzitzimimeh
  Jorgrun (Snake:3)
  A doom hound (Tar:1)
  33 Ice Fiends
  12 tentacled monstrosities
  A Hell Sentinel (Geh:6)
  25 Orb Guardians
  13 liches
  Asterion (Vaults:2)
  8 quicksilver dragons
  3 titans
  10 sphinxes
  20 acid blobs
  10 death cobs
  A deep elf master archer (Elf:3)
  22 tentacled starspawn
  4 Executioners
  14 ancient champions
  10 shadow dragons
  Gastronok (Lair:3)
  11 rockslimes
  12 storm dragons
  3 nagarajas (Snake:4)
  6 tengu reavers
  12 draconian monks
  A revenant (Crypt:1)
  A daeva (Abyss:3)
  15 azure jellies
  5 draconian knights
  4 iron dragons
  3 draconian scorchers
  The ghost of 15bullets the Sage, a journeyman DsWz of Sif Muna (D:14)
  6 ghost moths
  Louise (D:15)
  11 deep elf sorcerers
  15 vault wardens
  8 frost giants
  27 balrugs
  5 deep elf elementalists
  12 fire giants
  5 cacodemons
  6 ghouls
  3 orc warlords
  9 quicksilver oozes
  5 draconian shifters
  29 ironbound preservers
  65 reapers
  An angel (Abyss:2)
  A curse skull (Crypt:3)
  23 stone giants
  23 very ugly things
  7 war gargoyles
  3 draconian annihilators
  A spriggan defender (Depths:5)
  3 draconian stormcallers
  8 elemental wellsprings
  7 green draconians
  11 deep elf demonologists
  5 vampire knights
  An entropy weaver (Vaults:3)
  6 yellow draconians
  13 purple draconians
  4 bunyips
  9 deep elf annihilators
  6 black draconians
  A minotaur (Gauntlet)
  5 spark wasps
  8 red draconians
  10 white draconians
  7 dire elephants
  3 eidola
  3 crystal guardians
  29 blizzard demons
  10 ettins
  6 deep elf death magi
  9 jiangshi
  Snorg (D:11)
  3 eleionomae
  14 yaktaur captains
  3 shambling mangroves
  A mummy priest (Crypt:3)
  Josephine (Lair:5)
  13 quicksilver dragon zombies
  16 great orbs of eyes
  7 deep elf high priests
  2 merfolk impalers
  12 naga warriors
  16 fire dragons
  Harold (D:11)
  3 rakshasas
  31 vault guards
  4 caustic shrike simulacra (IceCv)
  6 salamander tyrants
  37 hydras
  A kraken zombie (Coc:3)
  8 spriggan air magi
  43 ice dragons
  9 ironbound thunderhulks
  4 peacekeepers
  3 hell beasts
  4 quicksilver dragon skeletons
  8 boulder beetles
  8 ironbound frosthearts
  2 catoblepae (Abyss:4)
  5 ghost crabs
  9 tengu warriors
  8 two-headed ogres
  2 death knights
  8 ogre magi
  15 centaur warriors
  6 anacondas
  A two-headed ogre (shapeshifter) (Vaults:5)
  8 vampire magi
  12 alligators
  9 death yaks
  5 deep troll earth magi
  6 ironbound beastmasters
  Urug (D:10)
  A shock serpent (Snake:2)
  6 spriggan berserkers
  4 deep troll shamans
  30 dancing weapons
  4 orc high priests (Orc:2)
  81 hell hogs
  19 thrashing horrors
  10 naga sharpshooters
  4 iron golems
  10 soul eaters
  18 deep elf knights
  18 storm dragon zombies
  4 shadow wraiths
  Sonja (Lair:3)
  10 titan zombies
  19 wretched stars
  101 hell knights
  8 sixfirhies
  3 salamander mystics
  40 sun demons
  6 iron trolls
  158 skeletal warriors
  6 golden dragon zombies
  A fire crab (Lair:6)
  11 titan skeletons
  A spark wasp zombie (Crypt:2)
  3 spatial maelstroms
  7 storm dragon skeletons
  A sea snake (Snake:3)
  11 swamp dragons
  A quicksilver dragon simulacrum (Coc:3)
  A shadow demon (Dis:1)
  95 deep trolls
  8 spriggan druids
  An orange crystal statue (Gauntlet)
  14 glowing orange brains
  2 ghost moth zombies
  17 bog bodies
  15 shadow dragon zombies
  27 flayed ghosts
  6 goliath frogs
  26 anaconda zombies
  14 wizards
  2 death drakes (Abyss:4)
  19 phantasmal warriors
  6 golden dragon skeletons
  2 kraken simulacra (Coc:7)
  9 orc knights
  5 naga ritualists
  16 deep elf archers
  16 ironbound convokers
  15 anaconda skeletons
  3 harpies (Depths:3)
  24 deep elf zephyrmancers
  32 necromancers
  3 lindwurms
  A sphinx zombie (Crypt:3)
  2 obsidian statues (IceCv)
  15 wolf spider zombies
  24 deep elf pyromancers
  Pikel (D:7)
  2 orb spiders (shapeshifter)
  18 frost giant zombies
  16 stone giant zombies
  3 mana vipers
  11 iron dragon zombies
  5 shining eyes
  3 oklob plants (Lair:6)
  2 orc sorcerers
  55 ugly things
  13 shadow dragon skeletons
  19 salamanders
  2 wolf spiders
  5 cyclopes
  8 will-o-the-wisps
  7 worldbinders
  Joseph (Lair:1)
  23 moths of wrath
  8 elephants
  A faun (shapeshifter) (Vaults:5)
  14 fire giant zombies
  9 manticores
  A guardian serpent (Abyss:1)
  A goliath frog skeleton (Crypt:2)
  43 large abominations
  11 stone giant skeletons
  13 dire elephant zombies
  55 rust devils
  12 naga magi
  Maurice (D:10)
  14 iron dragon skeletons
  17 molten gargoyles
  3 titan simulacra
  40 black mambas
  14 frost giant skeletons
  27 smoke demons
  4 shock serpent zombies
  20 vault sentinels
  3 ice statues
  7 fire giant skeletons
  7 eyes of devastation
  A gargoyle (D:11)
  2 apocalypse crabs (Abyss:3)
  Maggie (D:6)
  An elephant slug zombie (Crypt:1)
  A green draconian zombie (Crypt:2)
  11 cane toads
  10 dire elephant skeletons
  2 orange demons (Abyss:3)
  A torpor snail (shapeshifter) (Abyss:4)
  33 yaktaurs
  6 storm dragon simulacra
  60 hellions
  Psyche (D:12)
  7 torpor snails
  6 catoblepas zombies
  8 emperor scorpion zombies
  2 sea snake zombies (Hell)
  3 shock serpent skeletons
  2 unseen horrors
  A minotaur zombie (Dis:4)
  16 efreet
  7 anaconda simulacra
  4 rime drakes
  19 komodo dragons
  4 demonic crawlers
  60 freezing wraiths
  A minotaur skeleton (Crypt:2)
  54 ice devils
  21 ancient zymes
  93 tormentors
  4 tengu conjurers
  2 golden dragon simulacra (IceCv)
  5 hellwings
  12 tyrant leeches
  30 hydra zombies
  74 red devils
  10 catoblepas skeletons
  6 guardian mummies (Crypt:3)
  7 trolls
  A bloated husk (Swamp:1)
  8 harpy zombies
  3 meliai (D:15)
  2 polar bears (Lair:3)
  A wolf spider simulacrum (Coc:4)
  8 ice dragon zombies
  A sea snake skeleton (Hell)
  22 hornets
  8 harpy skeletons
  A troll (shapeshifter) (Vaults:5)
  32 blink frogs
  15 alligator zombies
  A raiju (shapeshifter) (Vaults:5)
  40 raiju
  116 slime creatures
  A death drake skeleton (Crypt:3)
  22 hydra skeletons
  A boulder beetle zombie (Crypt:2)
  3 fire giant simulacra
  A frost giant simulacrum (Coc:6)
  11 fire dragon zombies
  12 ettin zombies
  6 black mamba zombies
  2 iron dragon simulacra
  7 dream sheep (Lair:3)
  6 centaur simulacra (D:14)
  6 fire dragon skeletons
  3 alligator skeletons
  A stone giant simulacrum (Coc:2)
  16 ettin skeletons
  14 ice dragon skeletons
  2 redbacks (Vaults:3)
  A satyr skeleton (Crypt:3)
  16 spriggans
  249 flying skulls
  6 air elementals
  39 shadows
  22 starcursed masses
  65 wraiths
  A spriggan simulacrum (IceCv)
  11 ynoxinuls
  77 yaks
  2 vampires
  27 water elementals
  36 fire elementals
  11 fire bats
  2 dire elephant simulacra
  13 basilisks
  3 wyverns
  Grum (Lair:1)
  10 chaos spawn
  3 black mamba skeletons
  7 golden eyes
  14 vampire mosquitoes
  6 steam dragons
  12 neqoxecs
  15 swamp worms
  A warg (Orc:1)
  A spatial vortex (Abyss:4)
  4 acid dragons
  2 merfolk zombies
  39 nagas
  A glowing shapeshifter zombie (Crypt:2)
  2 harpy simulacra
  An acid dragon (shapeshifter) (D:14)
  A nameless horror (IceCv)
  17 hydra simulacra
  31 water moccasins
  3 merfolk skeletons
  2 floating eyes
  185 hell hounds
  10 swamp drakes
  16 cane toad zombies
  2 sky beasts
  5 black bears
  25 orc warriors
  9 cane toad skeletons
  8 snapping turtle zombies
  2 alligator simulacra
  4 ettin simulacra
  18 ice beasts
  9 manticore zombies
  An ice dragon simulacrum (Coc:1)
  13 ogres
  2 swamp dragon skeletons
  15 necrophages
  3 centaurs
  3 snapping turtle skeletons
  5 boggarts (Vaults:2)
  An elephant skeleton (Crypt:1)
  31 wolves
  5 manticore skeletons
  A hog skeleton (Crypt:1)
  2 lemures (D:7)
  37 small abominations
  19 phantoms
  A kobold brigand (D:11)
  Blork the orc (D:6)
  8 bullfrogs
  5 scorpions
  5 elf zombies
  A gnoll sergeant (D:11)
  4 cane toad simulacra
  6 earth elementals (Abyss:4)
  An elf skeleton (Geh:3)
  A hornet simulacrum (D:14)
  2 snapping turtle simulacra
  A swamp dragon simulacrum (Coc:7)
  3 killer bees (D:9)
  2 troll zombies
  3 spriggan zombies
  154 wights
  A polar bear skeleton (Crypt:3)
  4 electric eels
  A troll skeleton (Geh:4)
  2 spriggan skeletons
  3 howler monkeys
  9 crimson imps
  7 quasits
  3 centaur zombies
  3 hounds
  4 human zombies
  32 orc priests
  41 iron imps
  A gnoll shaman (D:8)
  A black bear skeleton (Crypt:2)
  A centaur skeleton (Crypt:2)
  A human skeleton (Geh:2)
  An iguana (shapeshifter) (Vaults:5)
  9 iguanas
  28 orc wizards
  18 hell rats
  4 lightning spires (Abyss:3)
  2 killer bee zombies
  2 naga zombies
  An ogre zombie (Geh:7)
  2 tengu skeletons
  3 ogre skeletons
  24 mummies
  2 howler monkey zombies
  8 adders
  7 gnolls
  2 shadow imps
  36 white imps
  9 ufetubi
  An adder zombie (D:5)
  An adder skeleton (D:4)
  A worm (D:4)
  A dart slug (D:5)
  62 orcs
  5 endoplasms
  2 giant cockroaches (D:4)
  A gnoll zombie (Crypt:2)
  2 goblins
  3 hobgoblins
  5 kobolds
  2 quokkas
  5 ball pythons
  3 bats
  A frilled lizard (D:3)
  A giant cockroach zombie (Crypt:3)
  A kobold skeleton (Geh:7)
  A kobold zombie (Dis:2)
  An orc skeleton (Coc:5)
  2 orc zombies
  A quokka skeleton (Crypt:3)
  5 rats
  4 bushes (Lair:6)
  10 fire vortices
  A lurking horror (Abyss:4)
  16 plants (Zot:4)
  5 starspawn tentacles
  2 tentacles (Coc:7)
5533 creatures vanquished.

Vanquished Creatures (collateral kills)
  2 dread liches (Vaults:5)
  4 orbs of fire (Zot:5)
  A Killer Klown (Zot:5)
  A doom hound (Tar:1)
  An Orb Guardian (Zot:5)
  An Ice Fiend (Coc:4)
  2 tentacled monstrosities
  A titan (Vaults:5)
  An acid blob (Slime:5)
  2 sphinxes
  3 shadow dragons
  2 tengu reavers
  2 frost giants
  5 fire giants
  A vault warden (Vaults:3)
  A draconian knight (Zot:1)
  A draconian shifter (Zot:1)
  An iron dragon (Vaults:5)
  2 ironbound preservers
  A reaper (Hell)
  A very ugly thing (Depths:4)
  2 stone giants
  A green draconian (Zot:1)
  A deep elf demonologist (Depths:1)
  A starcursed mass (Abyss:4)
  A white draconian (Zot:5)
  2 spark wasps (Depths:3)
  A yellow draconian (Zot:2)
  3 red draconians
  3 purple draconians
  2 ettins (Depths:4)
  2 fire dragons
  A great orb of eyes (Depths:4)
  A vault guard (Vaults:5)
  A boulder beetle (Vaults:3)
  An ogre mage (Depths:1)
  A tengu warrior (Depths:2)
  A deep troll earth mage (Depths:2)
  7 dancing weapons (Elf:2)
  A hell knight (Depths:2)
  A titan skeleton (Geh:2)
  An iron troll (Depths:2)
  A quicksilver dragon simulacrum (Depths:1)
  A swamp dragon (Lair:6)
  5 deep trolls
  An anaconda zombie (Coc:7)
  A wizard (Depths:1)
  2 phantasmal warriors
  A deep elf zephyrmancer (Elf:3)
  3 deep elf pyromancers
  3 slime creatures
  2 moths of wrath (Zot:3)
  A vault sentinel (Vaults:2)
  An elephant (Lair:6)
  A black mamba (Snake:2)
  A cane toad (Lair:6)
  An apocalypse crab (Abyss:3)
  A storm dragon simulacrum (Coc:7)
  A hellion (Geh:1)
  A tormentor (Dis:4)
  A komodo dragon (Lair:6)
  2 anaconda simulacra (Coc:7)
  A harpy zombie (Geh:1)
  2 hydra zombies
  A polar bear (Lair:5)
  A large abomination (Abyss:4)
  2 ice dragon zombies
  An ettin zombie (Coc:4)
  A blink frog (Abyss:3)
  2 flying skulls
  An air elemental (Abyss:4)
  3 water elementals
  2 wraiths
  2 yaks (D:10)
  A golden eye (Slime:3)
  A neqoxec (Abyss:3)
  A gelid demonspawn zombie (Crypt:3)
  A hydra simulacrum (Coc:2)
  An ice beast (shapeshifter) (Depths:4)
  An ogre (Orc:1)
  3 small abominations
  2 wolves
  A bullfrog (Lair:4)
  12 wights
  2 orc priests (Orc:1)
  An orc wizard (Orc:1)
  A hell rat (Hell)
  A shadow imp (Tar:1)
  4 white imps
  3 orcs
  4 fire vortices
  A starspawn tentacle (Abyss:3)
162 creatures vanquished.

Vanquished Creatures (others)
  An eldritch tentacle (Abyss:1)
  A deep elf annihilator (Elf:3)
  A dancing weapon (Elf:2)
  A frost giant skeleton (Geh:7)
  A wraith (Coc:7)
  A hell hound (Dis:4)
  A small abomination (Abyss:1)
  A centaur zombie (Geh:7)
  A white imp (Abyss:3)
  An ufetubus (Abyss:4)
  1072 fire vortices
  8 foxfires
  4 fulminant prisms (Gauntlet)
  105 fungi
  177 plants
  16 starspawn tentacles
  10 tentacles (Coc:7)
1402 creatures vanquished.

Grand Total: 7097 creatures vanquished

Notes
Turn   | Place    | Note
-------+----------+-------------------------------------------
     0 | D:1      | truevaserg the Deep Elf Conjurer began the quest for the
                  | Orb.
     0 | D:1      | Reached XP level 1. HP: 10/10 MP: 6/6
   842 | D:2      | Reached XP level 2. HP: 16/16 MP: 4/8
  1129 | D:2      | Learned a level 2 spell: Searing Ray
  1563 | D:2      | Reached XP level 3. HP: 20/20 MP: 8/10
  1655 | D:3      | Reached skill level 1 in Fighting
  1877 | D:3      | Found a glowing golden altar of the Shining One.
  1993 | D:3      | Found a runed translucent gate.
  1993 | D:3      | Found a runed translucent gate.
  1995 | D:3      | Found a runed translucent gate.
  1998 | D:3      | Noticed diceflayer's ghost (weakling MiFi)
  2014 | D:3      | Found a blossoming altar of Fedhas.
  2201 | D:3      | Found an ornate altar of the Wu Jian Council.
  2254 | D:3      | Found a faded altar of an unknown god.
  2334 | D:4      | Reached XP level 4. HP: 25/25 MP: 9/11
  2442 | D:4      | Found a glowing silver altar of Zin.
  2485 | D:4      | Reached skill level 5 in Conjurations
  2755 | D:4      | Noticed a water moccasin
  2764 | D:4      | Killed a water moccasin
  2765 | D:4      | Reached XP level 5. HP: 30/30 MP: 4/14
  2844 | D:4      | Noticed a necrophage
  2851 | D:4      | Killed a necrophage
  2852 | D:4      | Reached skill level 5 in Spellcasting
  2852 | D:4      | Reached XP level 6. HP: 36/36 MP: 7/15
  3060 | D:4      | Found a basalt altar of Yredelemnul.
  3237 | D:4      | Learned a level 4 spell: Iskenderun's Mystic Blast
  3671 | D:5      | Entered Level 5 of the Dungeon
  3730 | D:5      | Found a stormy altar of Qazlal.
  3778 | D:5      | Noticed a sky beast
  3783 | D:5      | Killed a sky beast
  3784 | D:5      | Reached skill level 5 in Dodging
  3784 | D:5      | Reached XP level 7. HP: 41/41 MP: 10/17
  4292 | D:5      | Found a hide-covered altar of Uskayaw.
  4367 | D:5      | Found Noim's CLEARANCE SALE! EVERYTHING MUST GO!.
  5160 | D:6      | Found a staircase to the Ecumenical Temple.
  5161 | D:6      | Noticed Blork the orc
  5173 | D:6      | Killed Blork the orc
  5174 | D:6      | Reached XP level 8. HP: 44/47 MP: 14/20
  5219 | Temple   | Entered the Ecumenical Temple
  5236 | Temple   | Became a worshipper of Vehumet
  5306 | D:6      | Identified the +0 pair of boots of Hocu {rElec Dex+4}
  5719 | D:6      | Noticed Maggie
  5787 | D:6      | Killed Maggie
  5788 | D:6      | Reached XP level 9. HP: 44/53 MP: 16/23
  6465 | D:7      | Gained mutation: You possess an exceptional clarity of
                  | mind. [potion of mutation]
  6465 | D:7      | Gained mutation: You have an increased reservoir of magic.
                  | (+10% MP) [potion of mutation]
  6465 | D:7      | Gained mutation: Your flesh is heat resistant. (rF+)
                  | [potion of mutation]
  6506 | D:7      | Reached skill level 5 in Fighting
  6724 | D:7      | Found a sparkling altar of Nemelex Xobeh.
  7399 | D:7      | Noticed Pikel
  7405 | D:7      | Killed Pikel
  7629 | D:7      | Found Moagiev's Book Shop.
  7640 | D:7      | Bought a book of Party Tricks for 360 gold pieces
  7647 | D:7      | Learned a level 6 spell: Invisibility
  8144 | D:8      | Reached * piety under Vehumet
  8144 | D:8      | Offered knowledge of Freeze by Vehumet.
  8145 | D:8      | Reached skill level 1 in Hexes
  8250 | D:8      | Found a bloodstained altar of Trog.
  8510 | D:8      | Found a shimmering blue altar of Sif Muna.
  8538 | D:8      | Noticed a two-headed ogre
  8546 | D:8      | Killed a two-headed ogre
  8547 | D:8      | Reached XP level 10. HP: 60/60 MP: 17/28
  8645 | D:8      | Found a shadowy altar of Dithmenos.
  8830 | D:8      | Reached skill level 10 in Spellcasting
  9682 | D:9      | Found a staircase to the Lair.
  9695 | D:9      | Offered knowledge of Shock by Vehumet.
  9837 | D:9      | Reached ** piety under Vehumet
 10032 | D:9      | Reached skill level 5 in Hexes
 10339 | D:9      | Found a staircase to the Orcish Mines.
 10399 | D:9      | Reached skill level 10 in Dodging
 10905 | Lair:1   | Entered Level 1 of the Lair of Beasts
 10916 | Lair:1   | Reached skill level 1 in Fire Magic
 11064 | Lair:1   | Reached skill level 10 in Conjurations
 11064 | Lair:1   | Reached XP level 11. HP: 66/66 MP: 19/30
 11198 | Lair:1   | Noticed Grum
 11206 | Lair:1   | Offered knowledge of Poisonous Vapours by Vehumet.
 11210 | Lair:1   | Noticed a six-headed hydra
 11352 | Lair:1   | Killed a six-headed hydra
 11746 | Lair:1   | Noticed Joseph
 11776 | Lair:1   | Paralysed by Joseph for 6 turns
 11783 | Lair:1   | Killed Joseph
 12052 | Lair:1   | Killed Grum
 12109 | Lair:1   | Reached *** piety under Vehumet
 12505 | Lair:1   | Identified the +6 falchion "Jituomal" {vorpal, Str+4 Dex-4
                  | SInv}
 12818 | Lair:2   | Found a gate leading to a gauntlet.
 12824 | Gauntlet | Entered a Gauntlet
 12824 | Gauntlet | Found a transporter.
 12824 | Gauntlet | Found a transporter.
 12824 | Gauntlet | Found a transporter.
 12826 | Gauntlet | Noticed an orange crystal statue
 12828 | Gauntlet | Found a transporter.
 12828 | Gauntlet | Found a transporter.
 12830 | Gauntlet | Found a large runed translucent door.
 12831 | Gauntlet | Found a large runed translucent door.
 12832 | Gauntlet | Found a large runed translucent door.
 12832 | Gauntlet | Found a large runed translucent door.
 12832 | Gauntlet | Found a runed translucent door.
 12833 | Gauntlet | Found a large runed translucent door.
 12835 | Gauntlet | Found a large runed translucent door.
 12836 | Gauntlet | Found a large runed translucent door.
 12837 | Gauntlet | Found a large runed translucent door.
 12838 | Gauntlet | Found a runed translucent gate.
 12842 | Gauntlet | Found a transporter.
 12905 | Gauntlet | Found a transporter.
 12915 | Gauntlet | Found a transporter.
 12916 | Gauntlet | Noticed an oklob plant
 12948 | Gauntlet | Found a runed translucent door.
 12949 | Gauntlet | Found a large runed translucent door.
 12949 | Gauntlet | Found a large runed translucent door.
 12949 | Gauntlet | Found a large runed translucent door.
 12950 | Gauntlet | Found a large runed translucent door.
 12950 | Gauntlet | Found a large runed translucent door.
 12951 | Gauntlet | Found a large runed translucent door.
 12951 | Gauntlet | Found a large runed translucent door.
 12951 | Gauntlet | Found a large runed translucent door.
 12953 | Gauntlet | Found a transporter.
 12961 | Gauntlet | Found a transporter.
 12987 | Gauntlet | Found a runed translucent gate.
 12987 | Gauntlet | Found a runed translucent gate.
 12989 | Gauntlet | Found a transporter.
 13011 | Gauntlet | Found a transporter.
 13166 | Gauntlet | Noticed a tengu warrior
 13367 | Gauntlet | Learned a level 5 spell: Lightning Bolt
 13372 | Gauntlet | Learned a level 4 spell: Fulminant Prism
 13383 | Gauntlet | Killed an orange crystal statue
 13464 | Gauntlet | Identified the +2 cloak "Fyucuzuir" {Str+4 Int+5 SInv}
 13501 | Gauntlet | Noticed a minotaur
 13513 | Gauntlet | Killed a minotaur
 13514 | Gauntlet | Reached skill level 5 in Fire Magic
 14135 | Lair:2   | Noticed a death yak
 14145 | Lair:2   | Noticed a death yak
 14150 | Lair:2   | Killed a death yak
 14150 | Lair:2   | Killed a death yak
 14166 | Lair:2   | Noticed a death yak
 14169 | Lair:2   | Killed a death yak
 14170 | Lair:2   | Reached XP level 12. HP: 72/72 MP: 18/32
 14239 | Lair:2   | Noticed a six-headed hydra
 14241 | Lair:2   | Killed a six-headed hydra
 14343 | Lair:2   | Offered knowledge of Sticky Flame by Vehumet.
 14654 | Lair:2   | Noticed a six-headed hydra
 14657 | Lair:2   | Killed a six-headed hydra
 15718 | Lair:3   | Noticed a four-headed hydra
 15901 | Lair:3   | Killed a four-headed hydra
 16094 | Lair:3   | Reached **** piety under Vehumet
 16164 | Lair:3   | Noticed Sonja
 16167 | Lair:3   | Killed Sonja
 16405 | Lair:3   | Offered knowledge of Stone Arrow by Vehumet.
 16408 | Lair:3   | Reached XP level 13. HP: 79/79 MP: 3/35
 16894 | Lair:3   | Noticed Gastronok
 16895 | Lair:3   | Found a staircase to the Swamp.
 16900 | Lair:3   | Killed Gastronok
 17610 | Lair:3   | Reached skill level 1 in Air Magic
 18086 | Lair:3   | Identified the +7 trident of Infinite Pain {elec, *Noise
                  | Fly rC++ Stlth+}
 18750 | Lair:4   | Reached ***** piety under Vehumet
 18953 | Lair:4   | Offered knowledge of Eringya's Noxious Bog by Vehumet.
 20240 | Lair:4   | Found a staircase to the Snake Pit.
 20303 | Lair:4   | Learned a level 4 spell: Summon Lightning Spire
 21011 | D:7      | Bought a book of Fire for 528 gold pieces
 21017 | D:7      | Learned a level 5 spell: Fireball
 21026 | D:7      | Learned a level 8 spell: Ignition
 21262 | Lair:5   | Reached XP level 14. HP: 86/86 MP: 3/37
 21271 | Lair:6   | Entered Level 6 of the Lair of Beasts
 21805 | Lair:5   | Noticed Josephine
 21817 | Lair:5   | Killed Josephine
 23126 | Lair:6   | Offered knowledge of Freezing Cloud by Vehumet.
 23964 | Lair:6   | Found a runed translucent door.
 24537 | Lair:6   | Reached skill level 10 in Fire Magic
 24537 | Lair:6   | Reached skill level 5 in Air Magic
 25419 | Lair:6   | Reached skill level 10 in Fighting
 25984 | Lair:6   | Reached skill level 15 in Spellcasting
 26121 | Lair:6   | Found a staircase to the Slime Pits.
 26875 | Orc:1    | Entered Level 1 of the Orcish Mines
 26890 | Orc:1    | Noticed an orc warlord
 27044 | D:9      | Killed an orc warlord
 27044 | D:9      | Offered knowledge of Bolt of Magma by Vehumet.
 27045 | D:9      | Reached XP level 15. HP: 56/92 MP: 9/39
 27195 | D:9      | Learned a level 5 spell: Bolt of Magma
 27451 | Orc:1    | Found Higorgh's Magic Scroll Emporium.
 27483 | Orc:1    | Found Yclec's Assorted Antiques.
 27496 | Orc:1    | Bought a scroll of teleportation for 42 gold pieces
 27496 | Orc:1    | Bought a scroll of magic mapping for 49 gold pieces
 27496 | Orc:1    | Bought a scroll of teleportation for 42 gold pieces
 27636 | Orc:1    | Found Otilug's General Store.
 27750 | Orc:2    | Entered Level 2 of the Orcish Mines
 28132 | Orc:2    | Found Qucoarys's Distillery.
 28223 | Orc:2    | Bought a potion of heal wounds for 70 gold pieces
 28223 | Orc:2    | Bought a potion of heal wounds for 70 gold pieces
 28223 | Orc:2    | Bought 2 potions of heal wounds for 140 gold pieces
 28223 | Orc:2    | Bought a potion of curing for 42 gold pieces
 28290 | Orc:2    | Found a staircase to the Elven Halls.
 29053 | Orc:2    | Found Teud's General Store.
 29053 | Orc:2    | Found Uja Oxa's Antique Armour Emporium.
 29054 | Orc:2    | Found Guiwuck's Weapon Shoppe.
 29058 | Orc:2    | Found Imisool's Weapon Shoppe.
 29320 | D:10     | Entered Level 10 of the Dungeon
 29594 | D:10     | Noticed Maurice
 29598 | D:10     | Killed Maurice
 30118 | D:10     | Identified the +1 mace "Peukhum" {freeze, rElec rPois rF++
                  | Str-5}
 30207 | D:10     | Noticed Urug
 30211 | D:10     | Killed Urug
 30364 | D:10     | Found an iron altar of Okawaru.
 30514 | D:11     | Noticed Snorg
 30515 | D:11     | Killed Snorg
 31226 | D:11     | Noticed Harold
 31231 | D:11     | Killed Harold
 31652 | D:12     | Found an ancient bone altar of Kikubaaqudgha.
 31672 | D:12     | Offered knowledge of Conjure Ball Lightning by Vehumet.
 31982 | D:12     | Noticed Psyche
 31986 | D:12     | Killed Psyche
 33911 | D:14     | Found Ismijin's Magic Scroll Shoppe.
 33911 | D:14     | Found Inahojar's Book Emporium.
 33932 | D:14     | Bought a scroll of teleportation for 48 gold pieces
 33932 | D:14     | Bought a scroll of teleportation for 48 gold pieces
 34170 | D:7      | Bought a Necronomicon for 672 gold pieces
 34376 | D:14     | Reached skill level 1 in Necromancy
 34607 | D:14     | You are sucked into a shaft and drop 1 floor!
 34607 | D:15     | Entered Level 15 of the Dungeon
 34699 | D:15     | Offered knowledge of Spellforged Servitor by Vehumet.
 34727 | D:15     | Reached XP level 16. HP: 99/99 MP: 3/41
 34876 | D:15     | Noticed Louise
 34882 | D:15     | Killed Louise
 34883 | D:15     | Reached skill level 15 in Dodging
 35024 | D:15     | Identified a scroll of acquirement
 35025 | D:15     | Acquired 1218 gold pieces
 35443 | D:15     | Found a sparkling altar of Nemelex Xobeh.
 35765 | D:15     | Found a snail-covered altar of Cheibriados.
 35935 | D:15     | Found a staircase to the Depths.
 36153 | D:14     | Found a runed translucent gate.
 36153 | D:14     | Found a runed translucent gate.
 36153 | D:14     | Found a runed translucent gate.
 36192 | D:14     | Noticed 15bullets's ghost (journeyman DsWz)
 36260 | D:14     | Found Raneante's Distillery.
 36422 | D:14     | Learned a level 7 spell: Spellforged Servitor
 36472 | D:14     | Bought a potion of curing for 42 gold pieces
 36472 | D:14     | Bought a potion of curing for 42 gold pieces
 36472 | D:14     | Bought a potion of curing for 42 gold pieces
 36572 | D:14     | Got the ring "Uloont" {Fire Drain rElec rCorr Str+3}
 36621 | D:14     | Killed 15bullets's ghost
 36945 | D:14     | Found a gate to the Vaults.
 37014 | D:14     | Found Dounuasi's Armour Shop.
 37022 | D:14     | Bought a +2 pair of gloves for 297 gold pieces
 37051 | D:14     | Found a shimmering blue altar of Sif Muna.
 37108 | D:14     | Bought a book of Decay for 480 gold pieces
 37295 | Elf:1    | Entered Level 1 of the Elven Halls
 37375 | Elf:1    | Reached skill level 5 in Necromancy
 37483 | Elf:1    | You fall into a shaft and drop 1 floor!
 37832 | Elf:2    | Offered knowledge of Irradiate by Vehumet.
 38492 | Elf:1    | Reached skill level 15 in Conjurations
 38518 | Elf:1    | Reached XP level 17. HP: 88/104 MP: 23/43
 38755 | Elf:1    | Found a portal to a secret trove of treasure.
 40087 | Elf:2    | Learned a level 7 spell: Orb of Destruction
 40389 | Elf:2    | Offered knowledge of Lehudib's Crystal Spear by Vehumet.
 40838 | Elf:2    | Found a runed translucent gate.
 40840 | Elf:2    | Found a runed translucent gate.
 40840 | Elf:2    | Found a runed translucent gate.
 41466 | Elf:3    | Entered Level 3 of the Elven Halls
 42766 | Elf:3    | Noticed a deep elf master archer
 42767 | Elf:3    | Identified the +7 great mace of Conscience {protect, Fly
                  | rElec Str+4 Dex+3}
 42768 | Elf:3    | Killed a deep elf master archer
 42770 | Elf:3    | Identified the amulet of Amorality {RegenMP Will+ Regen+
                  | Int+3 Dex-2}
 43128 | Elf:3    | Reached XP level 18. HP: 112/112 MP: 35/45
 43749 | Elf:3    | Got Goloippa's Papyrus of Earth and Dislocation
 43971 | Elf:3    | Identified the +4 arbalest "Elf's Foe" {venom, rF+ Str-4
                  | Int+5}
 45119 | Snake:1  | Entered Level 1 of the Snake Pit
 45434 | Snake:1  | Found a burning altar of Makhleb.
 45752 | Snake:1  | Noticed Nikola
 45773 | Snake:1  | Killed Nikola
 45774 | Snake:1  | Reached skill level 1 in Shields
 46024 | Snake:2  | Reached ****** piety under Vehumet
 47507 | Snake:2  | Learned a level 6 spell: Death Channel
 47609 | Snake:3  | Noticed Jorgrun
 48039 | Snake:3  | Offered knowledge of Fire Storm by Vehumet.
 48039 | Snake:3  | Offered knowledge of Chain Lightning by Vehumet.
 48039 | Snake:3  | Offered knowledge of Polar Vortex by Vehumet.
 48098 | Snake:3  | Found a frozen archway.
 48108 | IceCv    | Entered an ice cave
 49234 | IceCv    | Noticed an Ice Fiend
 49234 | IceCv    | Noticed an Ice Fiend
 49362 | IceCv    | Killed an Ice Fiend
 49431 | IceCv    | Killed an Ice Fiend
 49507 | IceCv    | Identified the +0 battleaxe "Touthriom" {vorpal, Fragile
                  | rCorr Str+8}
 49620 | Snake:3  | Killed Jorgrun
 49745 | Snake:3  | Found Ewaidd's Jewellery Shop.
 49747 | Snake:3  | Found Weyf's Antique Armour Boutique.
 49749 | Snake:3  | Found Vuwomaru's General Store.
 49759 | Snake:3  | Bought a shiny buckler for 172 gold pieces
 50011 | Snake:3  | Reached XP level 19. HP: 118/118 MP: 16/47
 50075 | Snake:3  | Found Asaer's Overcharged Wands.
 50651 | Snake:3  | Acquired 679 gold pieces
 50695 | Snake:4  | Entered Level 4 of the Snake Pit
 51948 | Snake:4  | Got a serpentine rune of Zot
 52670 | Swamp:1  | Entered Level 1 of the Swamp
 53043 | Swamp:1  | Acquired 1061 gold pieces
 54184 | Swamp:2  | Reached skill level 15 in Fire Magic
 55143 | Swamp:4  | Entered Level 4 of the Swamp
 55239 | Swamp:4  | Reached XP level 20. HP: 125/125 MP: 23/49
 55559 | Swamp:4  | Got a decaying rune of Zot
 56215 | Swamp:4  | Found a snail-covered altar of Cheibriados.
 56434 | Swamp:4  | Found a blossoming altar of Fedhas.
 56872 | Vaults:1 | Entered Level 1 of the Vaults
 57202 | Vaults:1 | Found Juomimig's Magic Scroll Emporium.
 57210 | Vaults:1 | Bought 2 scrolls of enchant weapon for 240 gold pieces
 57210 | Vaults:1 | Bought a scroll of enchant weapon for 120 gold pieces
 57210 | Vaults:1 | Bought a scroll of teleportation for 48 gold pieces
 57210 | Vaults:1 | Bought a scroll of blinking for 120 gold pieces
 57210 | Vaults:1 | Bought a scroll of amnesia for 56 gold pieces
 57334 | Vaults:1 | Identified the +1 chain mail of a volcano {rPois}
 57373 | Vaults:1 | Learned a level 9 spell: Fire Storm
 57673 | Vaults:1 | Reached skill level 1 in Transmutations
 58666 | Vaults:2 | Noticed Asterion
 58668 | Vaults:2 | Killed Asterion
 58995 | Vaults:2 | Noticed Bai Suzhen
 58998 | Vaults:2 | Killed Bai Suzhen
 59201 | Vaults:2 | Noticed Saint Roka
 59204 | Vaults:2 | Killed Saint Roka
 59319 | Vaults:2 | Reached skill level 10 in Necromancy
 59710 | Vaults:2 | Reached XP level 21. HP: 123/132 MP: 24/51
 59902 | Vaults:2 | Found a staircase to the Crypt.
 59902 | Vaults:2 | Found an ancient bone altar of Kikubaaqudgha.
 59903 | Vaults:2 | Found a basalt altar of Yredelemnul.
 60743 | Vaults:3 | Reached skill level 5 in Transmutations
 61301 | Vaults:3 | Found Gozag's Antique Weapon Shop.
 61307 | Vaults:3 | Found an opulent altar of Gozag.
 61309 | Vaults:3 | Found Gozag's Antique Armour Boutique.
 61424 | Vaults:3 | Found Gozag's Antique Armour Boutique.
 61435 | Vaults:3 | Bought a runed robe for 370 gold pieces
 61621 | Vaults:3 | Noticed Sojobo
 61625 | Vaults:3 | Killed Sojobo
 62498 | Vaults:4 | Reached XP level 22. HP: 138/138 MP: 45/53
 63556 | Vaults:4 | Noticed Jory
 63559 | Vaults:4 | Killed Jory
 64207 | Vaults:5 | Entered Level 5 of the Vaults
 64210 | Vaults:5 | Noticed a golden dragon
 64213 | Vaults:5 | Noticed a dread lich
 64225 | Vaults:5 | Killed a dread lich
 64229 | Vaults:5 | Killed a golden dragon
 64235 | Vaults:5 | Identified the +7 flail "Vekipluap" {drain, rN+ rCorr
                  | Int+4}
 64284 | Vaults:5 | Reached skill level 15 in Fighting
 64284 | Vaults:5 | Reached XP level 23. HP: 118/144 MP: 39/55
 64338 | Vaults:4 | Learned a level 8 spell: Necromutation
 64361 | Vaults:5 | Noticed a dread lich
 64365 | Vaults:5 | Killed a dread lich
 64546 | Vaults:5 | Got a silver rune of Zot
 64585 | Vaults:5 | Noticed an ancient lich
 64587 | Vaults:5 | Killed an ancient lich
 64836 | Vaults:5 | Reached skill level 1 in Earth Magic
 64928 | Vaults:5 | Noticed a dread lich
 64930 | Vaults:5 | Killed a dread lich
 65149 | Vaults:5 | Identified the +1 plate armour of the Desert {+Blink rElec
                  | Dex+2}
 65251 | Vaults:5 | Identified the +1 ring mail "Huzxul Ynwoss" {Harm Will++
                  | Regen+ Dex-5}
 65254 | Vaults:5 | Identified the +9 dagger "Nitzabb" {flame, rPois Str-3
                  | Int+3}
 65276 | Vaults:5 | Identified the +9 plate armour of Midsummer {rElec rF+++
                  | rN+ Will+}
 65450 | Vaults:5 | Noticed an ancient lich
 65453 | Vaults:5 | Killed an ancient lich
 66471 | Slime:1  | Entered Level 1 of the Pits of Slime
 66796 | Slime:2  | Reached skill level 10 in Transmutations
 67634 | Slime:3  | Reached XP level 24. HP: 151/151 MP: 25/56
 68926 | Slime:2  | Reached skill level 5 in Earth Magic
 69198 | Slime:5  | Entered Level 5 of the Pits of Slime
 69212 | Slime:5  | Noticed the Royal Jelly
 69215 | Slime:5  | Killed the Royal Jelly
 70026 | Slime:5  | Identified the ring "Togek" {rPois rF- Int+4 Dex+7}
 70054 | Slime:5  | Identified the amulet "Peudiveuxt" {Acrobat rF+}
 70057 | Slime:5  | Got a slimy rune of Zot
 70058 | Slime:5  | Identified the ring "Ojoiph" {rN+ Int+4 Dex+3 Slay-2}
 70063 | Slime:5  | Identified the +6 hunting sling "Worm's Wrath" {speed,
                  | rPois}
 70102 | Slime:5  | Identified the +1 plate armour of Courage {Str+5}
 70290 | Slime:5  | Identified the +6 hand axe of the Dancing Sybil {speed,
                  | rN+}
 70291 | Slime:5  | Identified the +1 ring mail "Qumuam" {Rampage rF++ Str+4}
 70300 | Slime:5  | Identified the +5 scale mail of the Catfish {*Slow +Inv
                  | Int+4}
 70862 | Crypt:1  | Entered Level 1 of the Crypt
 72123 | Crypt:2  | Identified the +1 robe of Context {+Blink Regen+ SInv}
 72412 | Crypt:3  | Entered Level 3 of the Crypt
 72412 | Crypt:3  | Noticed Frederick
 72414 | Crypt:3  | Killed Frederick
 72425 | Crypt:3  | Noticed Khufu
 72532 | Crypt:3  | Killed Khufu
 72533 | Crypt:3  | Reached skill level 15 in Necromancy
 72559 | Crypt:3  | Killed a royal mummy
 72560 | Crypt:3  | Reached XP level 25. HP: 135/159 MP: 4/57
 72919 | Crypt:3  | Noticed a royal mummy
 72927 | Crypt:3  | Killed a royal mummy
 73006 | Crypt:3  | Noticed a dread lich
 73007 | Crypt:3  | Noticed a dread lich
 73126 | Crypt:3  | Killed a dread lich
 73128 | Crypt:3  | Killed a dread lich
 73234 | Crypt:3  | Got Hisagum's Tome of the Dusty Frostbite
 73235 | Crypt:3  | Identified the ring of Tyssaoc {rN+ SInv}
 73235 | Crypt:3  | Identified the ring of Rane {rN+ Str+7 Dex-4}
 73242 | Crypt:3  | Identified the +11 battleaxe "Rilemeha" {vamp, rPois MP+9
                  | Int+3 Stlth+}
 73282 | Crypt:3  | Identified the ring "Qunifre" {rPois rN+ rCorr Dex-2
                  | Stlth+} (You took it off a royal mummy on level 3 of the
                  | Crypt)
 73335 | Crypt:3  | Found a staircase to the Tomb.
 73544 | Crypt:3  | Identified the +9 morningstar of Ycsoguas {vamp, Int-4
                  | Dex+5}
 74321 | Depths:1 | Entered Level 1 of the Depths
 74493 | Depths:1 | Noticed an ancient lich
 74517 | Depths:1 | Killed an ancient lich
 74560 | Depths:1 | Got the Guide on Stolen Souls
 74960 | Depths:1 | Found a radiant altar of Vehumet.
 75178 | Depths:1 | Found a one-way gate to the infinite horrors of the Abyss.
 75421 | Depths:1 | Found a gateway to Hell.
 76214 | Depths:2 | Found a white marble altar of Elyvilon.
 76215 | Depths:2 | Found a glowing silver altar of Zin.
 76217 | Depths:2 | Found a glowing golden altar of the Shining One.
 76410 | Depths:2 | Reached XP level 26. HP: 124/167 MP: 43/57
 76518 | Depths:2 | Identified the +2 hand axe "Gytimp" {protect, rF- Int+6}
 76826 | Depths:3 | Found a one-way gate leading to the halls of Pandemonium.
 77019 | Depths:3 | Reached skill level 10 in Earth Magic
 77274 | Depths:3 | Noticed Mara
 77337 | Depths:3 | Found Ygeng's Distillery.
 77475 | Depths:3 | Found Awiyrph's Jewellery Emporium.
 77475 | Depths:3 | Found Legahyr's Book Boutique.
 77477 | Depths:3 | Found Itrar's Book Boutique.
 77744 | Depths:3 | Killed Mara
 77924 | Depths:3 | Bought 2 potions of resistance for 280 gold pieces
 77924 | Depths:3 | Bought a potion of heal wounds for 70 gold pieces
 77924 | Depths:3 | Bought 2 potions of invisibility for 224 gold pieces
 77924 | Depths:3 | Bought a potion of magic for 112 gold pieces
 77924 | Depths:3 | Bought a potion of brilliance for 56 gold pieces
 77924 | Depths:3 | Bought a potion of curing for 42 gold pieces
 77933 | Depths:3 | You fall into a shaft and drop 1 floor!
 78109 | Depths:3 | Cast into level 3 of the Abyss (hell knight)
 78308 | Depths:3 | Escaped the Abyss
 78513 | Depths:4 | Found a flickering gateway to a bazaar.
 78522 | Bazaar   | Entered a bazaar
 78522 | Bazaar   | Found Hefa's Magic Scroll Boutique.
 78616 | Bazaar   | Bought a scroll of summoning for 104 gold pieces
 78616 | Bazaar   | Bought a scroll of teleportation for 33 gold pieces
 78616 | Bazaar   | Bought a scroll of teleportation for 33 gold pieces
 78623 | Bazaar   | Found Hiobarr's Assorted Antiques.
 78625 | Bazaar   | Found Maexzun's Armour Emporium.
 78635 | Bazaar   | Found Billaghe's Armour Emporium.
 78667 | Bazaar   | Found Ring's Assorted Antiques.
 78744 | Bazaar   | Bought a potion of curing for 60 gold pieces
 78744 | Bazaar   | Bought 2 potions of haste for 400 gold pieces
 79941 | Elf:1    | You paid a toll of a +8 demon blade to enter a treasure
                  | trove
 79942 | Trove    | Entered a treasure trove
 79951 | Trove    | Identified the +0 leather armour of Beogh's Delight {Dex+4}
 79952 | Trove    | Identified the +0 cloak of Sif Muna's Hope {Str+4 Dex-3}
 79967 | Trove    | Identified the +7 plate armour of Javeck {Str+3 Dex-4 SInv}
 80385 | Depths:4 | Voluntarily entered the Abyss.
 80401 | Abyss:1  | Found a corrupted altar of Lugonu.
 80413 | Abyss:1  | Found a corrupted altar of Lugonu.
 80750 | Abyss:1  | Reached XP level 27. HP: 173/173 MP: 9/58
 80778 | Abyss:2  | Found a corrupted altar of Lugonu.
 80858 | Abyss:2  | Lost mutation: You have an increased reservoir of magic.
                  | (+10% MP) [a neqoxec]
 81189 | Abyss:2  | Learned a level 9 spell: Shatter
 81473 | Abyss:2  | Found a corrupted altar of Lugonu.
 81800 | Abyss:3  | Found a hide-covered altar of Uskayaw.
 82586 | Abyss:3  | Acquired the +2 pair of gloves of the Floral Sparrow
                  | {Rampage rElec rC- Int+3}
 82657 | Abyss:3  | Found a corrupted altar of Lugonu.
 82719 | Abyss:3  | Found a corrupted altar of Lugonu.
 82744 | Abyss:3  | Found a corrupted altar of Lugonu.
 83737 | Abyss:4  | Got an abyssal rune of Zot
 84130 | Depths:4 | Escaped the Abyss
 84199 | Depths:4 | Acquired a +1 buckler of poison resistance
 84233 | Depths:5 | Entered Level 5 of the Depths
 84457 | Depths:5 | Found a gateway to a ziggurat.
 84710 | Depths:5 | Found a gate to the Realm of Zot.
 85506 | Zot:1    | Entered Level 1 of the Realm of Zot
 85714 | Zot:1    | Identified the ring of the Cricket {AC+4 Int+3}
 87488 | Zot:2    | Found a stormy altar of Qazlal.
 87490 | Zot:2    | Noticed an ancient lich
 87768 | Zot:2    | Killed an ancient lich
 88904 | Zot:3    | Identified the +11 spear of False Accusations {flame, rC+}
 89335 | Zot:3    | Reached skill level 15 in Earth Magic
 90669 | Zot:5    | Entered Level 5 of the Realm of Zot
 90882 | Zot:5    | Noticed an orb of fire
 90893 | Zot:5    | Killed an orb of fire
 91465 | Zot:5    | Noticed an orb of fire
 91477 | Zot:5    | Noticed an orb of fire
 91483 | Zot:5    | Killed an orb of fire
 91501 | Zot:5    | Killed an orb of fire
 91619 | Zot:5    | Noticed an orb of fire
 91628 | Zot:5    | Killed an orb of fire
 91663 | Zot:5    | Noticed an orb of fire
 91672 | Zot:5    | Killed an orb of fire
 91731 | Zot:5    | Noticed an orb of fire
 91751 | Zot:5    | Killed an orb of fire
 91868 | Zot:5    | Reached skill level 27 in Spellcasting
 92008 | Zot:5    | Noticed an orb of fire
 92016 | Zot:5    | Killed an orb of fire
 92030 | Zot:5    | Noticed an orb of fire
 92032 | Zot:5    | Noticed an orb of fire
 92033 | Zot:5    | Noticed an orb of fire
 92036 | Zot:5    | Noticed an orb of fire
 92042 | Zot:5    | Gained mutation: You are frail. (-10% HP) [an orb of fire]
 92067 | Zot:5    | Killed an orb of fire
 92150 | Zot:5    | Killed an orb of fire
 92307 | Zot:5    | Noticed an orb of fire
 92320 | Zot:5    | Killed an orb of fire
 92325 | Zot:5    | Killed an orb of fire
 92326 | Zot:5    | Killed an orb of fire
 92882 | D:15     | Lost mutation: You are frail. (-10% HP) [potion of
                  | mutation]
 92882 | D:15     | Lost mutation: You possess an exceptional clarity of mind.
                  | [potion of mutation]
 92882 | D:15     | Lost mutation: Your flesh is heat resistant. (rF+) [potion
                  | of mutation]
 92882 | D:15     | Gained mutation: You have large cloven feet. [potion of
                  | mutation]
 92883 | D:15     | Lost mutation: You have large cloven feet. [potion of
                  | mutation]
 92883 | D:15     | Gained mutation: You occasionally shout uncontrollably at
                  | your foes. [potion of mutation]
 92883 | D:15     | Gained mutation: You frequently scream uncontrollably at
                  | your foes. [potion of mutation]
 92883 | D:15     | Gained mutation: You tend to lose your temper in combat.
                  | [potion of mutation]
 92883 | D:15     | Gained mutation: Your system is resistant to poisons.
                  | (rPois) [potion of mutation]
 92884 | D:15     | Lost mutation: You tend to lose your temper in combat.
                  | [potion of mutation]
 92885 | D:15     | Lost mutation: Your system is resistant to poisons. (rPois)
                  | [potion of mutation]
 92885 | D:15     | Lost mutation: You frequently scream uncontrollably at your
                  | foes. [potion of mutation]
 92885 | D:15     | Gained mutation: You have sharp toenails. [potion of
                  | mutation]
 92885 | D:15     | Gained mutation: Armour fits poorly on your strangely
                  | shaped body. [potion of mutation]
 92885 | D:15     | Gained mutation: A frigid envelope surrounds you and
                  | freezes all who hurt you. [potion of mutation]
 92886 | D:15     | Lost mutation: A frigid envelope surrounds you and freezes
                  | all who hurt you. [potion of mutation]
 92886 | D:15     | Lost mutation: You have sharp toenails. [potion of
                  | mutation]
 92886 | D:15     | Lost mutation: Armour fits poorly on your strangely shaped
                  | body. [potion of mutation]
 92886 | D:15     | Gained mutation: Your movements are slightly less
                  | encumbered by armour. (ER -2) [potion of mutation]
 92886 | D:15     | Gained mutation: Your body sometimes deteriorates upon
                  | taking damage. [potion of mutation]
 92888 | D:15     | Lost mutation: You occasionally shout uncontrollably at
                  | your foes. [potion of mutation]
 92888 | D:15     | Lost mutation: Your body sometimes deteriorates upon taking
                  | damage. [potion of mutation]
 92888 | D:15     | Lost mutation: Your movements are slightly less encumbered
                  | by armour. (ER -2) [potion of mutation]
 92888 | D:15     | Gained mutation: You are robust. (+10% HP) [potion of
                  | mutation]
 92888 | D:15     | Gained mutation: Armour fits poorly on your strangely
                  | shaped body. [potion of mutation]
 92888 | D:15     | Gained mutation: You have sharp fingernails. [potion of
                  | mutation]
 92889 | D:15     | Lost mutation: Armour fits poorly on your strangely shaped
                  | body. [potion of mutation]
 92889 | D:15     | Lost mutation: You have sharp fingernails. [potion of
                  | mutation]
 92889 | D:15     | Lost mutation: You are robust. (+10% HP) [potion of
                  | mutation]
 92889 | D:15     | Gained mutation: You possess an exceptional clarity of
                  | mind. [potion of mutation]
 92889 | D:15     | Gained mutation: You are resistant to electric shocks.
                  | (rElec) [potion of mutation]
 92889 | D:15     | Gained mutation: Your mind is acute. (Int +2) [potion of
                  | mutation]
 92995 | Hell     | Entered the Vestibule of Hell
 92995 | Hell     | Noticed Geryon
 93038 | Hell     | Killed Geryon
 93039 | Hell     | Reached skill level 1 in Ice Magic
 93156 | Hell     | Learned a level 9 spell: Chain Lightning
 93266 | Hell     | Found a gateway to the freezing wastes of Cocytus.
 93340 | Hell     | Found a gateway to the ashen valley of Gehenna.
 93493 | Hell     | Found a gateway to the Iron City of Dis.
 93568 | Hell     | Found a gateway to the decaying netherworld of Tartarus.
 93918 | Geh:1    | Entered Level 1 of Gehenna
 95129 | Geh:1    | Reached skill level 5 in Ice Magic
 97050 | Geh:3    | Reached skill level 10 in Air Magic
 99349 | Geh:4    | Reached skill level 10 in Ice Magic
103193 | Geh:6    | Reached skill level 27 in Dodging
103390 | Geh:3    | Learned a level 9 spell: Polar Vortex
103936 | Geh:6    | Reached skill level 15 in Ice Magic
104665 | Geh:7    | Entered Level 7 of Gehenna
104689 | Geh:7    | Noticed the Serpent of Hell
104922 | Hell     | Killed the Serpent of Hell
105708 | Geh:7    | Reached skill level 5 in Shields
105776 | Geh:7    | Identified the +5 demon blade "Riabi" {flame, rF- rN+
                  | Str+8}
106855 | Geh:7    | Found the +7 sceptre of Asmodeus
106855 | Geh:7    | Noticed Asmodeus
106875 | Geh:7    | Killed Asmodeus
106900 | Geh:7    | Got an obsidian rune of Zot
108076 | Depths:3 | Bought the ring of Paveloum {rC++ Str+6} for 1660 gold
                  | pieces
108364 | Orc:1    | Bought a faintly glowing helmet for 266 gold pieces
108364 | Orc:1    | Identified the +4 helmet "Acuon" {Harm rF- Str+2} (You
                  | bought it in a shop on level 1 of the Orcish Mines)
108364 | Orc:1    | Bought a masterwork rapier for 252 gold pieces
108364 | Orc:1    | Identified the +8 rapier "Wihibiup" {antimagic, +Rage rF-
                  | Str+2 Dex+4} (You bought it in a shop on level 1 of the
                  | Orcish Mines)
108703 | Hell     | Learned a level 9 spell: Death's Door
108704 | Coc:1    | Entered Level 1 of Cocytus
109271 | Coc:1    | Reached skill level 27 in Conjurations
119248 | Coc:6    | Reached skill level 27 in Fire Magic
120223 | Coc:7    | Entered Level 7 of Cocytus
120811 | Coc:7    | Identified the +6 war axe of the Silent Majority {vorpal,
                  | rF+}
120811 | Coc:7    | Identified the amulet of Pifem Xea {Reflect rCorr Str+5
                  | Int-5 Dex+2 SH+5}
121075 | Coc:7    | Noticed Antaeus
121094 | Coc:7    | Killed Antaeus
121273 | Coc:7    | Got the Disquisition on Transformation
121277 | Coc:7    | Got an icy rune of Zot
121979 | Tar:1    | Entered Level 1 of Tartarus
122082 | Dis:1    | Entered Level 1 of the Iron City of Dis
129400 | Dis:6    | Reached skill level 15 in Air Magic
129684 | Zot:5    | Got the Orb of Zot
129984 | Depths:2 | Noticed Ethadd the pandemonium lord
130018 | Depths:1 | Noticed Kodwawk the pandemonium lord
130307 | D:4      | Noticed Ariack the pandemonium lord
130313 | D:4      | Killed Ariack the pandemonium lord
130465 | D:$      | Escaped with the Orb!

Illustrated notes

Levels and vault maps discovered:
D:1:      eino_arrival_cavern_d, layout_basic, serial_aquarium,
          aquarium_bridge_long_joined [aquarium_subvault_bridge,
          aquarium_subvault_wall, aquarium_subvault_window,
          aquarium_subvault_window, aquarium_subvault_wall,
          aquarium_subvault_bridge], aquarium_bridge_straight
          [aquarium_subvault_bridge, aquarium_subvault_wall,
          aquarium_subvault_bridge, aquarium_subvault_window],
          aquarium_window_2, aquarium_window_3, aquarium_view_4,
          aquarium_view_2a, aquarium_balcony_5b
D:2:      layout_rooms
D:3:      layout_rooms, mainiacjoe_overflow_24_doors,
          pdpol_wu_jian_five_deadly_venoms, fedhas_ov_isle_minmay,
          gammafunk_ghost_necromancy, basic_ecumenical_altar
D:4:      layout_basic, mainiacjoe_overflow_boulevard,
          mainiacjoe_overflow_brackets, minivault_5, grunt_ministairs_11
D:5:      layout_loops_ring, mainiacjoe_overflow_paths,
          nicolae_uskayaw_dance_hall, nicolae_shop_clearance
D:6:      layout_basic, minmay_temple_entry_grid, uniq_blork_the_orc,
          uniq_maggie
D:7:      layout_basic, lemuel_round_altar, serial_shops, nicolae_square_shop,
          uniq_pikel
D:8:      layout_loops_ring, bloody_trog, mainiacjoe_overflow_two_lobes,
          chequers_serial_rivers_small_a
D:9:      layout_basic, due_lair_maze_entry_diamond, erik_orc_1
D:10:     layout_long_grid, lemuel_coloured_pillars_altar, uniq_urug,
          uniq_maurice
D:11:     layout_roguey, uniq_snorg, uniq_harold
D:12:     layout_loops_corners, kiku_gazebo_pond_becter, uniq_psyche
D:13:     minmay_triangles_in_corner, layout_stronghold
D:14:     layout_rooms, david_vaults_5, gammafunk_ghost_icy, serial_shops,
          nicolae_square_shop, nicolae_diamond_shop, shop, shop_fountains,
          serial_bayou_pond_e, minmay_misc_feat_rugged,
          nicolae_sif_muna_condensation
D:15:     hangedman_depths_entry_try_elsewhere_first, layout_loops_cross,
          cheibriados_altar_1, minmay_misc_feat_plants,
          nemelex_lonely_heart_becter, uniq_louise
Temple:   eino_wide_crystal_templ
Lair:1:   layout_regular_city, uniq_grum, uniq_joseph
Lair:2:   layout_cellular_growth, gauntlet_entry_generic, beast_lair_carwin_10,
          serial_bayou_shore_b, lemuel_fruit_tree
Lair:3:   layout_gridlike, swamp_mist, nzn_sisyphean_effort, uniq_sonja,
          uniq_gastronok
Lair:4:   layout_roguey, minmay_snake_entry_six_corridors
Lair:5:   layout_roguey, serial_bayou_shore_b, uniq_josephine
Lair:6:   guppyfry_lair_end_dragon, layout_regular_city, wormcave,
          minmay_slime_entry_oklob_open, bobbens_ice_dragon_lair
Swamp:1:  layout_basic_swamp, nicolae_swamp_decorative_isthmus
Swamp:2:  cheibrodos_swamp_heart_of_darkness, layout_basic_swamp,
          evilmike_swamp_ruin_rubble_1, hangedman_swamp_grove
Swamp:3:  layout_basic_swamp, evilmike_swamp_ruin_house_4,
          infiniplex_staircase_pool
Swamp:4:  swamp, layout_basic_swamp, swamp_pool1, lemuel_altar_in_water,
          hangedman_swamp_pad, nicolae_swamp_round_clearing,
          nicolae_swamp_godswood, nicolae_swamp_fairy_circle,
          nzn_swamp_dancing_lights
Snake:1:  layout_grid_maze, basic_altar, uniq_nikola
Snake:2:  layout_chambers, serial_bayou_shore_b
Snake:3:  layout_onion_interference, portal_ice_cave_entry_frozen_things,
          drop_trap, nicolae_wooded_promenade, nicolae_shop_overcharged_wands,
          uniq_jorgrun
Snake:4:  minmay_snake_end_coiled, layout_misc_corridors, grunt_ministairs_4
Slime:1:  layout_caves
Slime:2:  layout_caves
Slime:3:  layout_caves, nicolae_slime_round_cave
Slime:4:  layout_caves
Slime:5
Orc:1:    layout_caves, serial_shops, nicolae_shop_waterfront, shop,
          nicolae_shop_waterfront
Orc:2:    st_orc_mages, layout_diamond_mine, serial_shops, nicolae_diamond_shop
Elf:1:    layout_loops_corners, enter_trove_0, minmay_elf_crystal_hexagon
Elf:2:    nicolae_elf_blades_crystal_corner, layout_geoelf_diagonals,
          minmay_strange_pillars, grunt_ministairs_1
Elf:3:    minmay_elf_hall_curves, layout_geoelf_octagon
Vaults:1: nicolae_vaults_network_star, vaults_room_hallway,
          vaults_room_glass_cross, ontoclasm_vaults_bender,
          nicolae_vaults_ninety_degrees, v_pattern_4, v_misc_22,
          nicolae_vaults_little_squares_4, nicolae_vaults_mini_display_case,
          hangedman_vaults_trim, layout_vaults_omnicross, serial_shops, shop
Vaults:2: v_rooms_1, nicolae_vaults_little_squares_3, vaults_room_semicircle,
          minmay_crypt_entry_necro_gods, v_alt_pattern_2,
          ontoclasm_vaults_ring_large, nicolae_vaults_hallways_thing, v_misc_28,
          nicolae_vaults_little_ls, grunt_vaults_funnel, layout_vaults_ring,
          uniq_asterion, uniq_saint_roka, uniq_bai_suzhen
Vaults:3: v_misc_32, hangedman_vaults_corner, kennysheep_vaults_gozag_temple,
          vaults_standard_mumra_lines, ontoclasm_vaults_loading_screen,
          hangedman_vaults_capsules, ontoclasm_vaults_ligature,
          hangedman_vaults_restitches, v_misc_14, vaults_room_door_hall,
          vaults_room_pools, nicolae_vaults_asterisk,
          layout_vaults_chaotic_city, uniq_sojobo
Vaults:4: v_pattern_2, hangedman_vaults_snaps, nicolae_vaults_ring_of_whatevers,
          v_misc_24, ontoclasm_vaults_misaligned, hangedman_vaults_hat,
          ontoclasm_vaults_idyll, nicolae_vaults_shelves_hall,
          nicolae_vaults_little_squares_6, nicolae_vaults_stairing_the_circle,
          ontoclasm_vaults_spin, layout_vaults_omnigrid, uniq_jory
Vaults:5
Crypt:1:  layout_basic, grunt_crypt_arrival_split
Crypt:2:  layout_rooms, hex_tiny, lemuel_elevator
Crypt:3:  david_glass_crypt, layout_gridlike, tomb_entry_shell_bobbens,
          uniq_khufu, uniq_margery, uniq_frederick
Depths:1: layout_basic, abyss_entry, grunt_mini_vestibule, special_room
          [special_room_magic_class], nicolae_vehumet_altar_sigil,
          serial_bayou_shore_a, grunt_megastairs_5
Depths:2: kennysheep_green_arena, layout_cave_pools, good_gods_temple_1,
          hell_entry, kennysheep_inner_square
Depths:3: minmay_expanding_circles, layout_gridville,
          grunt_hell_entry_dis_grunt, special_room [special_room_mythical_zoo],
          serial_shops, shop, pan_entry, amcnicky_mini_rare_corridor_liquid,
          abyss_entry, infiniplex_staircase_spiral, serial_bayou_shore_b,
          minmay_shop_grove, uniq_mara
Depths:4: evilmike_cross, layout_cave_pools, hell_entry, abyss_entry,
          grunt_pan_entry_sceptre, serial_shops, bzr_entry_gold,
          infiniplex_staircase_pillars_1
Depths:5: grunt_zot_entry_bicorn, layout_honeycomb, enter_ziggurat_a,
          abyss_entry_small_statue_room, hell_entry
Hell
Dis:1:    layout_overlapping_boxes, evilmike_ambush
          [evilmike_ambush_outer_pillars, evilmike_ambush_inner_basic]
Dis:2:    layout_overlapping_boxes
Dis:3:    layout_chaotic_city, nrook_loot_triangle
Dis:4:    layout_chaotic_city
Dis:5:    layout_subdivisions
Dis:6:    layout_regular_city
Geh:1:    layout_gehenna_pools_triple
Geh:2:    layout_gehenna_pools_basic
Geh:3:    layout_gehenna_pools_triple, hangedman_generic_boss_arena
Geh:4:    layout_gehenna_lava_caves
Geh:5:    layout_gehenna_lava_caves
Geh:6:    layout_gehenna_lava_caves
Geh:7:    geh_hangedman
Coc:1:    layout_ice_bergs
Coc:2:    layout_ice_bergs
Coc:3:    layout_cocytus_water_paths
Coc:4:    layout_cocytus_delve, grunt_megastairs_2
Coc:5:    layout_cocytus_water_paths
Coc:6:    layout_ice_bergs
Coc:7:    coc_hangedman
Tar:1:    grunt_deathspiral_small, layout_cathedral_of_symmetry
Zot:1:    layout_gridlike
Zot:2:    regret_index_qazlal_generations, layout_twisted_circle
Zot:3:    layout_onion_interference, zot_minivault_8
Zot:4:    layout_gridlike
Zot:5:    layout_gridville, st_stairs_8

Skill      XL: |  1  2  3  4  5  6  7  8  9 10 11 12 13 14 15 16 17 18 19 20 21 22 23 24 25 26 27 |
---------------+----------------------------------------------------------------------------------+-----
Dodging        | 3 4 5 7 9 10 11 12 13 14 15 16 17 18 19 20 21 22 27 | 27.0
Fighting       | 1 2 3 4 5 6 7 8 9 10 11 12 13 14 15 16 17 18 25 | 25.8
Spellcasting   | 4 5 6 8 9 10 11 13 14 15 16 17 18 19 20 21 22 23 24 27 | 27.0
Conjurations   | 5 6 7 9 10 11 12 13 14 15 16 17 18 19 20 21 27 | 27.0
Hexes          | 2 5 7 8 |  8.2
Fire Magic     | 1 5 7 9 10 11 12 13 14 15 16 17 18 19 20 27 | 27.0
Air Magic      | 3 6 7 15 | 15.2
Necromancy     | 2 6 8 9 10 11 12 14 15 16 17 21 | 21.0
Shields        | 3 4 5 |  5.7
Transmutations | 3 6 8 10 | 10.0
Earth Magic    | 3 7 9 11 26 | 26.1
Ice Magic      | 18 | 18.3
Stealth        | |  2.4

Action                   |  1- 3 |  4- 6 |  7- 9 | 10-12 | 13-15 | 16-18 | 19-21 | 22-24 | 25-27 || total
-------------------------+-------+-------+-------+-------+-------+-------+-------+-------+-------++-------
Melee: Trident           |     2 |       |       |       |       |       |       |       |       ||     2
       Staff             |       |       |       |    10 |    14 |     8 |    11 |     1 |   162 ||   206
Throw: Dart              |       |       |     8 |       |       |       |       |       |       ||     8
       Throwing net      |       |       |     2 |       |       |       |       |       |       ||     2
 Cast: Magic Dart        |    65 |    35 |    84 |    89 |    10 |       |       |       |       ||   283
       Searing Ray       |       |    13 |    55 |    78 |       |       |       |       |       ||   146
       Iskenderun's Myst |       |       |     1 |    50 |    71 |    90 |    68 |    39 |   266 ||   585
       Lightning Bolt    |       |       |       |    92 |   353 |       |       |       |       ||   445
       Fulminant Prism   |       |       |       |     4 |       |       |       |       |       ||     4
       Invisibility      |       |       |       |     1 |     5 |    15 |     4 |    12 |    40 ||    77
       Fireball          |       |       |       |       |   165 |   295 |   359 |     9 |   143 ||   971
       Summon Lightning  |       |       |       |       |    25 |       |       |       |       ||    25
       Bolt of Magma     |       |       |       |       |     5 |   124 |    79 |    10 |   254 ||   472
       Ignition          |       |       |       |       |       |    17 |    16 |     8 |    16 ||    57
       Spellforged Servi |       |       |       |       |       |    14 |     5 |       |    16 ||    35
       Orb of Destructio |       |       |       |       |       |    36 |     4 |     5 |   108 ||   153
       Death Channel     |       |       |       |       |       |     3 |       |     2 |     7 ||    12
       Fire Storm        |       |       |       |       |       |       |    80 |   229 |   968 ||  1277
       Necromutation     |       |       |       |       |       |       |       |    29 |   508 ||   537
       Chain Lightning   |       |       |       |       |       |       |       |       |   827 ||   827
       Shatter           |       |       |       |       |       |       |       |       |   185 ||   185
       Polar Vortex      |       |       |       |       |       |       |       |       |     9 ||     9
Evoke: Wand              |       |       |       |       |     2 |     3 |     2 |     4 |     6 ||    17
       Phantom mirror    |       |       |       |       |       |       |     1 |       |     4 ||     5
       Box of beasts     |       |       |       |       |       |       |       |       |     2 ||     2
       Horn of Geryon    |       |       |       |       |       |       |       |       |     1 ||     1
  Use: Scroll            |     2 |     4 |     7 |     4 |     9 |    17 |     8 |     2 |    24 ||    77
       Potion            |       |       |     5 |     2 |     1 |     2 |       |     1 |    12 ||    23
 Stab: Invisible         |       |       |       |       |       |       |       |       |     2 ||     2
Armor: Robe              |       |     3 |     1 |     7 |    15 |    14 |    15 |    25 |   177 ||   257
       Skin              |       |       |       |     1 |       |       |       |       |       ||     1
Dodge: Dodged            |     5 |     6 |    30 |    64 |    62 |    84 |    43 |    54 |   644 ||   992
Block: Other             |       |     2 |    10 |    13 |    14 |     6 |       |       |       ||    45
       Reflection        |       |       |     3 |     2 |     1 |     2 |       |       |       ||     8
       Buckler           |       |       |       |       |       |    17 |    13 |    25 |   235 ||   290
